3AAA
HIALEAH DODOS @ ALASKAN HUMPBACKS
08/28/2025
 
TOP OF THE 1ST
Hialeah Dodos batting - Pitching for Alaskan Humpbacks : LHP Hermenegildo Beliago
Pitching: LHP Hermenegildo Beliago
Batting: SHB Javier Gonzáles 0-0: Called Strike
0-1: Bunted foul
0-2: Strikes out swinging
Batting: RHB Vincente Rotham 0-0: Foul Ball, location: 2F
0-1: Foul Ball, location: 2F
0-2: Strikes out swinging
Batting: LHB Raúl Aguirre 0-0: Ball
1-0: Ball
2-0: Foul Ball, location: 2F
2-1: Swinging Strike
2-2: Strikes out swinging
Top of the 1st over - 0 run(s), 0 hit(s), 0 error(s), 0 left on base; Hialeah 0 - Alaskan 0
BOTTOM OF THE 1ST
Alaskan Humpbacks batting - Pitching for Hialeah Dodos : RHP Sexto Rodríguez
Pitching: RHP Sexto Rodríguez
Batting: LHB Ray Merrill 0-0: Ball
1-0: Ball
2-0: Ball
3-0: Base on Balls
Batting: RHB Pablo Marrero 0-0: Called Strike
0-1: Ball
1-1: SINGLE (Line Drive, 7S)
Ray Merrill to second
Batting: RHB Tommy Stanley 0-0: Ball
1-0: SINGLE (Flyball, 6MD)
Ray Merrill to third
Pablo Marrero to second
Runner from 3rd tries for Home, SAFE, no throw
Batting: RHB Román Centena 0-0: Ball
Pablo Marrero steals 3rd base
Tommy Stanley to second
1-0: Swinging Strike
1-1: Swinging Strike
1-2: Ball
2-2: Fly out, F2 (Popup, 25)
Batting: RHB Jorge Rivera 0-0: Ball
1-0: Foul Ball, location: 2F
1-1: Called Strike
1-2: Hit by Pitch
Batting: RHB Thom Beach 0-0: Foul Ball, location: 2F
0-1: Swinging Strike
0-2: Foul Ball, location: 2F
0-2: Fielders Choice at 2nd, 5-4 (Groundball, 56)
Pablo Marrero scores
Tommy Stanley to third
Batting: LHB Bryan Gregg 0-0: Ball
1-0: Called Strike
Balk!
Tommy Stanley scores
Thom Beach to second
1-1: Ball
2-1: Ball
3-1: Foul Ball, location: 2F
3-2: Fly out, F4 (Popup, 4MD)
Bottom of the 1st over - 3 run(s), 2 hit(s), 0 error(s), 1 left on base; Hialeah 0 - Alaskan 3
TOP OF THE 2ND
Hialeah Dodos batting - Pitching for Alaskan Humpbacks : LHP Hermenegildo Beliago
Batting: LHB Scott Janousek 0-0: Called Strike
0-1: Ground out 4-3 (Groundball, 4)
Batting: RHB Diego Bonilla 0-0: Ball
1-0: Ball
2-0: Ball
3-0: Called Strike
3-1: Foul Ball, location: 2F
3-2: Base on Balls
Batting: LHB Errol Levick 0-0: Ball
1-0: Swinging Strike
1-1: Foul Ball, location: 2F
1-2: Ball
2-2: Foul Ball, location: 2F
2-2: Ground out U3 (Groundball, 34S)
Diego Bonilla to second
Batting: LHB Alfonso Núñez 0-0: Ball
1-0: Swinging Strike
1-1: Ball
2-1: Ball
3-1: Base on Balls
Batting: RHB Zander Bailey 0-0: Called Strike
0-1: Ball
1-1: Ball
2-1: SINGLE (Flyball, 78S)
Diego Bonilla to third
Alfonso Núñez to second
Runner from 3rd tries for Home, SAFE, no throw
Batting: SHB Juan Ortega 0-0: Foul Ball, location: 2F
0-1: Called Strike
0-2: Ball
1-2: Foul Ball, location: 2F
1-2: Ball
2-2: Foul Ball, location: 2F
2-2: Ball
3-2: Strikes out looking
Top of the 2nd over - 1 run(s), 1 hit(s), 0 error(s), 2 left on base; Hialeah 1 - Alaskan 3
BOTTOM OF THE 2ND
Alaskan Humpbacks batting - Pitching for Hialeah Dodos : RHP Sexto Rodríguez
Batting: LHB Miguel Martínez 0-0: Foul Ball, location: 2F
0-1: Ball
1-1: Ball
2-1: Ball
3-1: Base on Balls
Batting: RHB Steven Grant 0-0: Called Strike
0-1: SINGLE (Groundball, 6D)
Miguel Martínez to second
Batting: LHB Ray Merrill 0-0: Ball
1-0: Foul Ball, location: 2F
1-1: Ball
2-1: Called Strike
2-2: Strikes out swinging
Batting: RHB Pablo Marrero 0-0: Called Strike
0-1: Called Strike
0-2: Strikes out swinging
Batting: RHB Tommy Stanley 0-0: Ball
1-0: Ball
2-0: Called Strike
2-1: Ball
3-1: Called Strike
3-2: Foul Ball, location: 2F
3-2: Foul Ball, location: 2F
3-2: Strikes out looking
Bottom of the 2nd over - 0 run(s), 1 hit(s), 0 error(s), 2 left on base; Hialeah 1 - Alaskan 3
TOP OF THE 3RD
Hialeah Dodos batting - Pitching for Alaskan Humpbacks : LHP Hermenegildo Beliago
Batting: SHB Javier Gonzáles 0-0: Ground out 5-3 (Groundball, 56)
Batting: RHB Vincente Rotham 0-0: Ball
1-0: Ball
2-0: Foul Ball, location: 2F
2-1: Foul Ball, location: 2F
2-2: Ball
3-2: Foul Ball, location: 2F
3-2: Strikes out looking
Batting: LHB Raúl Aguirre 0-0: Fly out, F4 (Line Drive, 4)
Top of the 3rd over - 0 run(s), 0 hit(s), 0 error(s), 0 left on base; Hialeah 1 - Alaskan 3
BOTTOM OF THE 3RD
Alaskan Humpbacks batting - Pitching for Hialeah Dodos : RHP Sexto Rodríguez
Batting: RHB Román Centena 0-0: Fly out, F6 (Popup, 6MD)
Batting: RHB Jorge Rivera 0-0: Ball
1-0: TRIPLE (Line Drive, 89D)
Batting: RHB Thom Beach 0-0: Ball
1-0: Ball
2-0: Swinging Strike
2-1: Foul Ball, location: 2F
2-2: Ground out 6-3 (Groundball, 6)
Jorge Rivera scores
Batting: LHB Bryan Gregg 0-0: Ball
1-0: SINGLE (Line Drive, 9LM)
Batting: LHB Miguel Martínez 0-0: Called Strike
0-1: Foul Ball, location: 2F
0-2: Ball
1-2: Ball
2-2: Foul Ball, location: 2F
2-2: Ball
3-2: Foul Ball, location: 2F
3-2: Fly out, F9 (Flyball, 89M)
Bottom of the 3rd over - 1 run(s), 2 hit(s), 0 error(s), 1 left on base; Hialeah 1 - Alaskan 4
TOP OF THE 4TH
Hialeah Dodos batting - Pitching for Alaskan Humpbacks : LHP Hermenegildo Beliago
Batting: LHB Scott Janousek 0-0: Called Strike
0-1: Foul Ball, location: 2F
0-2: Strikes out looking
Batting: RHB Diego Bonilla 0-0: Ground out 4-3 (Groundball, 4)
Batting: LHB Errol Levick 0-0: Foul Ball, location: 2F
0-1: Ground out 3-1 (Groundball, 34S)
Top of the 4th over - 0 run(s), 0 hit(s), 0 error(s), 0 left on base; Hialeah 1 - Alaskan 4
BOTTOM OF THE 4TH
Alaskan Humpbacks batting - Pitching for Hialeah Dodos : RHP Sexto Rodríguez
Batting: RHB Steven Grant 0-0: Called Strike
0-1: Foul Ball, location: 2F
0-2: SINGLE (Line Drive, 5D)
Batting: LHB Ray Merrill 0-0: Foul Ball, location: 2F
0-1: Fly out, F8 (Flyball, 8RXD)
Batting: RHB Pablo Marrero 0-0: DOUBLE (Line Drive, 78M)
Steven Grant to third
Batting: RHB Tommy Stanley 0-0: Ball
1-0: Ball
2-0: 3-RUN HOME RUN (Flyball, 8RXD), Distance : 442 ft
Pitching: RHP Connor Phelps
Batting: RHB Román Centena 0-0: Called Strike
0-1: Ball
1-1: Fly out, F5 (Popup, 5S)
Batting: RHB Jorge Rivera 0-0: Ground out 4-3 (Groundball, 4)
Bottom of the 4th over - 3 run(s), 3 hit(s), 0 error(s), 0 left on base; Hialeah 1 - Alaskan 7
TOP OF THE 5TH
Hialeah Dodos batting - Pitching for Alaskan Humpbacks : LHP Hermenegildo Beliago
Batting: LHB Alfonso Núñez 0-0: Fly out, F7 (Flyball, 78S)
Batting: RHB Zander Bailey 0-0: Foul Ball, location: 2F
0-1: Called Strike
0-2: Ground out U3 (Groundball, 34)
Batting: SHB Juan Ortega 0-0: Foul Ball, location: 2F
0-1: Ball
1-1: Ball
2-1: Ball
3-1: SINGLE (Line Drive, 34D)
Batting: SHB Javier Gonzáles 0-0: Ball
1-0: Ball
2-0: DOUBLE (Line Drive, 7LM)
Juan Ortega to third
Batting: RHB Vincente Rotham 0-0: Hit by Pitch
Batting: LHB Raúl Aguirre 0-0: Called Strike
0-1: TRIPLE (Flyball, 89D)
Juan Ortega scores
Javier Gonzáles scores
Vincente Rotham scores
Batting: LHB Scott Janousek 0-0: Ball
1-0: Foul Ball, location: 2F
1-1: Ball
2-1: Swinging Strike
2-2: Foul Ball, location: 2F
2-2: 2-RUN HOME RUN (Flyball, 78XD), Distance : 412 ft
Pitching: RHP Fernando Peralta
Batting: RHB Diego Bonilla 0-0: Ground out 4-3 (Groundball, 4)
Top of the 5th over - 5 run(s), 4 hit(s), 0 error(s), 0 left on base; Hialeah 6 - Alaskan 7
BOTTOM OF THE 5TH
Alaskan Humpbacks batting - Pitching for Hialeah Dodos : RHP Connor Phelps
Batting: RHB Thom Beach 0-0: Ball
1-0: Called Strike
1-1: Ball
2-1: Ball
3-1: Called Strike
3-2: Base on Balls
Batting: LHB Bryan Gregg 0-0: Bunted foul
0-1: Sac Bunt - play at second, runner OUT! 3-6
Batting: LHB Miguel Martínez 0-0: Ball
Throwing error on steal attempt, E2
Bryan Gregg to third
1-0: Foul Ball, location: 2F
1-1: Ball
2-1: Foul Ball, location: 2F
2-2: Foul Ball, location: 2F
2-2: Ground out 4-3 (Groundball, 4)
Batting: RHB Steven Grant 0-0: Called Strike
0-1: Ball
1-1: Fly out, F9 (Flyball, 9)
Bottom of the 5th over - 0 run(s), 0 hit(s), 1 error(s), 1 left on base; Hialeah 6 - Alaskan 7
TOP OF THE 6TH
Hialeah Dodos batting - Pitching for Alaskan Humpbacks : RHP Fernando Peralta
Batting: LHB Errol Levick 0-0: Ball
1-0: Fly out, F8 (Flyball, 78M)
Batting: LHB Alfonso Núñez 0-0: Fly out, F9 (Flyball, 89M)
Batting: RHB Zander Bailey 0-0: Foul Ball, location: 2F
0-1: Ball
1-1: Foul Ball, location: 2F
1-2: Foul Ball, location: 2F
1-2: Strikes out looking
Top of the 6th over - 0 run(s), 0 hit(s), 0 error(s), 0 left on base; Hialeah 6 - Alaskan 7
BOTTOM OF THE 6TH
Alaskan Humpbacks batting - Pitching for Hialeah Dodos : RHP Connor Phelps
Batting: LHB Ray Merrill 0-0: Called Strike
0-1: Called Strike
0-2: Foul Ball, location: 2F
0-2: Hit by Pitch
Batting: RHB Pablo Marrero 0-0: Bunted foul
0-1: Bunted foul
0-2: Ball
1-2: Ball
2-2: Ground out 5-3 (Groundball, 56S)
Ray Merrill to second
Batting: RHB Tommy Stanley 0-0: DOUBLE (Groundball, 5L)
Ray Merrill scores
Batting: RHB Román Centena 0-0: Ball
1-0: Called Strike
1-1: Foul Ball, location: 2F
1-2: Ball
2-2: Foul Ball, location: 2F
2-2: Ball
3-2: Foul Ball, location: 2F
3-2: Fly out, F9 (Flyball, 9D)
Runner from 2nd tags up, SAFE at 3rd, no throw
Batting: RHB Jorge Rivera 0-0: Foul Ball, location: 2F
0-1: Ball
1-1: Ball
2-1: SINGLE (Line Drive, 6M)
Tommy Stanley scores
Batting: RHB Thom Beach 0-0: Foul Ball, location: 2F
0-1: SINGLE (Groundball, 56D)
Jorge Rivera to second
Batting: LHB Bryan Gregg 0-0: Ball
1-0: Swinging Strike
1-1: Ball
2-1: Fly out, F8 (Flyball, 8LM)
Bottom of the 6th over - 2 run(s), 3 hit(s), 0 error(s), 2 left on base; Hialeah 6 - Alaskan 9
TOP OF THE 7TH
Hialeah Dodos batting - Pitching for Alaskan Humpbacks : RHP Fernando Peralta
Batting: SHB Juan Ortega 0-0: Fly out, F7 (Line Drive, 78M)
Batting: SHB Javier Gonzáles 0-0: SINGLE (Groundball, 4MD)
Batting: RHB Vincente Rotham 0-0: Ball
1-0: Called Strike
1-1: Fly out, F9 (Flyball, 9S)
Batting: LHB Raúl Aguirre 0-0: Ball
1-0: Ball
2-0: Ball
Javier Gonzáles steals 2nd base
3-0: Called Strike
3-1: Swinging Strike
3-2: Strikes out swinging
Top of the 7th over - 0 run(s), 1 hit(s), 0 error(s), 1 left on base; Hialeah 6 - Alaskan 9
BOTTOM OF THE 7TH
Alaskan Humpbacks batting - Pitching for Hialeah Dodos : RHP Connor Phelps
Batting: LHB Miguel Martínez 0-0: Ball
1-0: TRIPLE (Line Drive, 8LD)
Pitching: RHP César Galló
Batting: RHB Steven Grant 0-0: Foul Ball, location: 2F
0-1: Swinging Strike
0-2: Ball
1-2: Strikes out swinging
Batting: LHB Ray Merrill 0-0: Ball
1-0: Called Strike
1-1: Ball
2-1: Swinging Strike
2-2: Ground out 4-3 (Groundball, 4)
Batting: RHB Pablo Marrero 0-0: Called Strike
0-1: Called Strike
0-2: Ball
1-2: SINGLE (Line Drive, 7LS)
Miguel Martínez scores
Batting: RHB Tommy Stanley 0-0: Swinging Strike
0-1: SINGLE (Line Drive, 8RS)
Pablo Marrero to second
Batting: RHB Román Centena 0-0: Ball
1-0: Ball
2-0: Ball
3-0: Base on Balls
Pablo Marrero to third
Tommy Stanley to second
Batting: RHB Jorge Rivera 0-0: SINGLE (Groundball, 6D)
Pablo Marrero scores
Tommy Stanley to third
Román Centena to second
Runner from 3rd tries for Home, SAFE, no throw
Batting: RHB Thom Beach 0-0: DOUBLE (Line Drive, 9LS)
Román Centena scores
Jorge Rivera to third
Runner from 3rd tries for Home, SAFE, no throw
Pitching: RHP Jim Unknown
Batting: LHB Bryan Gregg 0-0: SINGLE (Line Drive, 34D)
Thom Beach to third
Runner from 3rd tries for Home, SAFE, no throw
Batting: LHB Miguel Martínez 0-0: Ball
1-0: Called Strike
1-1: Ball
Bryan Gregg is caught stealing 2nd base
Bottom of the 7th over - 6 run(s), 6 hit(s), 0 error(s), 0 left on base; Hialeah 6 - Alaskan 15
TOP OF THE 8TH
Hialeah Dodos batting - Pitching for Alaskan Humpbacks : RHP Fernando Peralta
Now at 2B: Jack Peck
Now at 3B: Manuel Díaz
Batting: LHB Scott Janousek 0-0: Ball
1-0: Ball
2-0: Called Strike
2-1: Ball
3-1: Base on Balls
Batting: RHB Diego Bonilla 0-0: Ball
1-0: Foul Ball, location: 2F
1-1: Ball
2-1: Foul Ball, location: 2F
2-2: Strikes out swinging
Batting: LHB Errol Levick 0-0: Foul Ball, location: 2F
0-1: DOUBLE (Line Drive, 89M)
Scott Janousek to third
Batting: LHB Alfonso Núñez 0-0: Called Strike
0-1: Ball
1-1: Ball
2-1: Fly out, F3 (Line Drive, 34)
Batting: RHB Zander Bailey 0-0: Called Strike
0-1: Fly out, F8 (Flyball, 8LM)
Top of the 8th over - 0 run(s), 1 hit(s), 0 error(s), 2 left on base; Hialeah 6 - Alaskan 15
BOTTOM OF THE 8TH
Alaskan Humpbacks batting - Pitching for Hialeah Dodos : RHP Jim Unknown
Batting: LHB Miguel Martínez 0-0: Ball
1-0: Ball
2-0: Called Strike
2-1: Ball
3-1: Fly out, F7 (Flyball, 78M)
Batting: RHB Steven Grant 0-0: Ball
1-0: Swinging Strike
1-1: Ball
2-1: Foul Ball, location: 2F
2-2: Strikes out swinging
Batting: LHB Ray Merrill 0-0: Called Strike
0-1: Ball
1-1: Ball
2-1: Ball
3-1: Foul Ball, location: 2F
3-2: Base on Balls
Batting: RHB Pablo Marrero 0-0: Ball
1-0: Ball
2-0: Ball
3-0: Base on Balls
Ray Merrill to second
Batting: RHB Tommy Stanley 0-0: Ball
1-0: Swinging Strike
1-1: Ball
2-1: Ball
3-1: Called Strike
3-2: Base on Balls
Ray Merrill to third
Pablo Marrero to second
Batting: RHB Román Centena 0-0: Ball
1-0: Ball
2-0: Ball
3-0: Called Strike
3-1: Base on Balls
Ray Merrill scores
Pablo Marrero to third
Tommy Stanley to second
Batting: RHB Jack Peck 0-0: SINGLE (Line Drive, 7LM)
Pablo Marrero scores
Tommy Stanley to third
Román Centena to second
Runner from 3rd tries for Home, SAFE, no throw
Batting: RHB Manuel Díaz 0-0: Ball
1-0: Ball
2-0: Ball
3-0: Base on Balls
Román Centena to third
Jack Peck to second
Batting: LHB Bryan Gregg 0-0: Foul Ball, location: 2F
0-1: Foul Ball, location: 2F
0-2: Foul Ball, location: 2F
0-2: Ball
1-2: Strikes out looking
Bottom of the 8th over - 3 run(s), 1 hit(s), 0 error(s), 3 left on base; Hialeah 6 - Alaskan 18
TOP OF THE 9TH
Hialeah Dodos batting - Pitching for Alaskan Humpbacks : RHP Fernando Peralta
Batting: SHB Juan Ortega 0-0: Swinging Strike
0-1: Ball
1-1: Ball
2-1: Ball
3-1: Ground out 6-3 (Groundball, 6MS)
Batting: SHB Javier Gonzáles 0-0: Called Strike
0-1: Foul Ball, location: 2F
0-2: Ball
1-2: Fly out, F7 (Flyball, 7S)
Pinch Hitting: LHB Álex Burgos 0-0: SOLO HOME RUN (Flyball, 9D), Distance : 389 ft
Batting: LHB Raúl Aguirre 0-0: Foul Ball, location: 2F
0-1: SOLO HOME RUN (Flyball, 9LD), Distance : 370 ft
Batting: LHB Scott Janousek 0-0: Called Strike
0-1: Swinging Strike
0-2: Ball
1-2: Ball
2-2: Foul Ball, location: 2F
2-2: Strikes out swinging
Top of the 9th over - 2 run(s), 2 hit(s), 0 error(s), 0 left on base; Hialeah 8 - Alaskan 18
Friday, December 30th, 2016 - OOTP Baseball 17.12 Build 75